| TOP OF THE 1ST |
|
Decatur Commodores batting - Pitching for Wausau Timbers : LHP Stanley Osterbur
|
|
Pitching: LHP Stanley Osterbur
|
|
|
Batting: SHB Roger Holt
|
0-0: Foul Ball, location: 2F 0-1: Fly out, F9 (Flyball, 89D, EV 103.8 MPH)
|
|
Batting: LHB Jerry Miller
|
0-0: Ground out 6-3 (Groundball, 6, EV 88.1 MPH)
|
|
Batting: SHB Rondin Johnson
|
0-0: Foul Ball, location: 2F 0-1: Ball 1-1: Foul Ball, location: 2F 1-2: SINGLE (Line Drive, 6MD, EV 95.6 MPH)
|
|
Batting: LHB David Showalter
|
0-0: Ball Rondin Johnson is caught stealing 2nd base 2-6
|
| Top of the 1st over - 0 runs, 1 hit, 0 errors, 0 left on base; Decatur 0 - Wausau 0 |
| BOTTOM OF THE 1ST |
|
Wausau Timbers batting - Pitching for Decatur Commodores : LHP Carlos Montaneze
|
|
Pitching: LHP Carlos Montaneze
|
|
|
Batting: SHB Herman Lewis
|
0-0: Called Strike 0-1: Ball 1-1: Ball 2-1: Swinging Strike 2-2: Ball 3-2: Ground out 4-3 (Groundball, 34, EV 109.4 MPH)
|
|
Batting: LHB Rodney Nealeigh
|
0-0: SINGLE (Flyball, 78S, EV 98.1 MPH)
|
|
Batting: RHB Rich Renteria
|
0-0: Ball 1-0: Ball 2-0: Ball Rodney Nealeigh steals 2nd base 3-0: Called Strike 3-1: Called Strike 3-2: Ground out 3-1 (Groundball, 34, EV 96.3 MPH) Rodney Nealeigh to third
|
|
Batting: LHB Tom M Foley
|
0-0: Ball 1-0: Foul Ball, location: 2F 1-1: Ball 2-1: Swinging Strike 2-2: Fly out, F9 (Line Drive, 9, EV 90.6 MPH)
|
| Bottom of the 1st over - 0 runs, 1 hit, 0 errors, 1 left on base; Decatur 0 - Wausau 0 |
| TOP OF THE 2ND |
|
Decatur Commodores batting - Pitching for Wausau Timbers : LHP Stanley Osterbur
|
|
Batting: LHB David Showalter
|
0-0: Ball 1-0: Ground out 4-3 (Groundball, 4, EV 91.9 MPH)
|
|
Batting: SHB Daniel Wieser
|
0-0: Ball 1-0: Foul Ball, location: 2F 1-1: Ground out 6-3 (Groundball, 6, EV 85.6 MPH)
|
|
Batting: RHB Miguelito DeLaCruz
|
0-0: Ground out 6-3 (Groundball, 56D, EV 78.8 MPH)
|
| Top of the 2nd over - 0 runs, 0 hits, 0 errors, 0 left on base; Decatur 0 - Wausau 0 |
| BOTTOM OF THE 2ND |
|
Wausau Timbers batting - Pitching for Decatur Commodores : LHP Carlos Montaneze
|
|
Batting: RHB Douglas Davis
|
0-0: Ball 1-0: Ball 2-0: Ball 3-0: Base on Balls
|
|
Batting: LHB Ricky Seilheimer
|
0-0: Ball 1-0: Fly out, F6 (Popup, 4M, EV 63.1 MPH)
|
|
Batting: RHB Jeffrey Young
|
0-0: Called Strike 0-1: Fly out, F9 (Flyball, 9, EV 94.4 MPH)
|
|
Batting: RHB Bruce Chaney
|
0-0: Foul Ball, location: 2F 0-1: SINGLE (Line Drive, 8LS, EV 106.9 MPH) Douglas Davis to second
|
|
Batting: SHB James Flores
|
0-0: Swinging Strike 0-1: Fly out, F8 (Flyball, 8RD, EV 93.1 MPH)
|
| Bottom of the 2nd over - 0 runs, 1 hit, 0 errors, 2 left on base; Decatur 0 - Wausau 0 |
| TOP OF THE 3RD |
|
Decatur Commodores batting - Pitching for Wausau Timbers : LHP Stanley Osterbur
|
|
Batting: RHB William Kelley
|
0-0: Foul Ball, location: 2F 0-1: Ball 1-1: Foul Ball, location: 2F 1-2: Ball 2-2: Foul Ball, location: 2F 2-2: Ground out 1-3 (Groundball, 13S, EV 69.4 MPH)
|
|
Batting: RHB Rafael Sanchez
|
0-0: Ball 1-0: Ground out 6-3 (Groundball, 6, EV 78.1 MPH)
|
|
Batting: RHB Donald Johnson
|
0-0: SINGLE (Groundball, 34D, EV 104.4 MPH)
|
|
Batting: SHB Roger Holt
|
0-0: Ball 1-0: Ball 2-0: Called Strike 2-1: SINGLE (Groundball, 34D, EV 93.8 MPH) Donald Johnson to second Runner from 2nd tries for 3rd, SAFE, no throw by RF
|
|
Batting: LHB Jerry Miller
|
0-0: Ball 1-0: Foul Ball, location: 2F 1-1: Foul Ball, location: 2F 1-2: Ball 2-2: Foul Ball, location: 2F 2-2: Ball 3-2: SINGLE (Groundball, 6MS, EV 70.6 MPH) (infield hit) Donald Johnson scores Roger Holt to second
|
|
Batting: SHB Rondin Johnson
|
0-0: Ball 1-0: Called Strike 1-1: Ground out 5-3 (Groundball, 56S, EV 85.6 MPH)
|
| Top of the 3rd over - 1 run, 3 hits, 0 errors, 2 left on base; Decatur 1 - Wausau 0 |
| BOTTOM OF THE 3RD |
|
Wausau Timbers batting - Pitching for Decatur Commodores : LHP Carlos Montaneze
|
|
Batting: SHB Herman Lewis
|
0-0: Called Strike 0-1: Ball 1-1: SINGLE (Groundball, 34S, EV 58.1 MPH) (infield hit)
|
|
Batting: LHB Rodney Nealeigh
|
0-0: Ball 1-0: Called Strike 1-1: Ball 2-1: Foul Ball, location: 2F 2-2: Strikes out swinging
|
|
Batting: RHB Rich Renteria
|
0-0: Ball 1-0: Called Strike 1-1: Fly out, F9 (Flyball, 9, EV 93.1 MPH)
|
|
Batting: LHB Tom M Foley
|
0-0: Called Strike Herman Lewis steals 2nd base 0-1: Ball 1-1: Swinging Strike 1-2: Ball 2-2: Ball 3-2: Foul Ball, location: 2F 3-2: SINGLE (Groundball, 34D, EV 96.9 MPH) Herman Lewis to third Herman Lewis scores
|
|
Batting: RHB Douglas Davis
|
0-0: Ball 1-0: Swinging Strike 1-1: Foul Ball, location: 2F 1-2: Foul Ball, location: 2F 1-2: Ball 2-2: Fielders Choice at 2nd, 6-4 (Groundball, 6, EV 92.5 MPH)
|
| Bottom of the 3rd over - 1 run, 2 hits, 0 errors, 1 left on base; Decatur 1 - Wausau 1 |
| TOP OF THE 4TH |
|
Decatur Commodores batting - Pitching for Wausau Timbers : LHP Stanley Osterbur
|
|
Batting: LHB David Showalter
|
0-0: SINGLE (Flyball, 9S, EV 95.6 MPH)
|
|
Batting: SHB Daniel Wieser
|
0-0: Ball 1-0: Grounds into double play, 6-4-3 (Groundball, 6, EV 87.5 MPH)
|
|
Batting: RHB Miguelito DeLaCruz
|
0-0: Called Strike 0-1: Ball 1-1: Reached on error, E4 (Groundball, 34, EV 103.1 MPH)
|
|
Batting: RHB William Kelley
|
0-0: Fly out, F6 (Popup, 6, EV 69.4 MPH)
|
| Top of the 4th over - 0 runs, 1 hit, 1 error, 1 left on base; Decatur 1 - Wausau 1 |
| BOTTOM OF THE 4TH |
|
Wausau Timbers batting - Pitching for Decatur Commodores : LHP Carlos Montaneze
|
|
Batting: LHB Ricky Seilheimer
|
0-0: Ball 1-0: Called Strike 1-1: Ground out U3 (Groundball, 34, EV 81.3 MPH)
|
|
Batting: RHB Jeffrey Young
|
0-0: Ball 1-0: Ball 2-0: SINGLE (Groundball, 4S, EV 68.8 MPH) (infield hit)
|
|
Batting: RHB Bruce Chaney
|
0-0: SINGLE (Line Drive, 6D, EV 99.4 MPH) Jeffrey Young to second
|
|
Batting: SHB James Flores
|
0-0: Called Strike 0-1: Foul Ball, location: 2F 0-2: Ball 1-2: SINGLE (Groundball, 6M, EV 106.3 MPH) (infield hit) Jeffrey Young to third Bruce Chaney to second
|
|
Batting: SHB Herman Lewis
|
0-0: Called Strike 0-1: Ball 1-1: SINGLE (Groundball, 5S, EV 73.8 MPH) (infield hit) Jeffrey Young scores Bruce Chaney to third James Flores to second
|
|
Batting: LHB Rodney Nealeigh
|
0-0: Called Strike 0-1: Foul Ball, location: 2F 0-2: Ball 1-2: Foul Ball, location: 2F 1-2: Fly out, F7 (Flyball, 7LS, EV 90.0 MPH) Runner from 3rd tags up, SCORES, throw by LF
|
|
Batting: RHB Rich Renteria
|
0-0: Ball 1-0: Fielders Choice at 2nd, 4-6 (Groundball, 4MD, EV 106.3 MPH)
|
| Bottom of the 4th over - 2 runs, 4 hits, 0 errors, 2 left on base; Decatur 1 - Wausau 3 |
| TOP OF THE 5TH |
|
Decatur Commodores batting - Pitching for Wausau Timbers : LHP Stanley Osterbur
|
|
Batting: RHB Rafael Sanchez
|
0-0: Foul Ball, location: 2F 0-1: Ball 1-1: Ground out 6-3 (Groundball, 6M, EV 76.9 MPH)
|
|
Batting: RHB Donald Johnson
|
0-0: Ball 1-0: Foul Ball, location: 2F 1-1: Called Strike 1-2: Ball 2-2: Ball 3-2: Base on Balls
|
|
Batting: SHB Roger Holt
|
0-0: Grounds into double play, 6-4-3 (Groundball, 6, EV 80.6 MPH)
|
| Top of the 5th over - 0 runs, 0 hits, 0 errors, 0 left on base; Decatur 1 - Wausau 3 |
| BOTTOM OF THE 5TH |
|
Wausau Timbers batting - Pitching for Decatur Commodores : LHP Carlos Montaneze
|
|
Batting: LHB Tom M Foley
|
0-0: Called Strike 0-1: Ball 1-1: Ball 2-1: Foul Ball, location: 2F 2-2: Ground out U3 (Groundball, 34, EV 110.0 MPH)
|
|
Batting: RHB Douglas Davis
|
0-0: Foul Ball, location: 2F 0-1: Swinging Strike 0-2: Foul Ball, location: 2F 0-2: Ball 1-2: Foul Ball, location: 2F 1-2: Ball 2-2: SINGLE (Flyball, 8LS, EV 85.6 MPH)
|
|
Batting: LHB Ricky Seilheimer
|
Pickoff Throw to First - Out! 1-3 0-0: TRIPLE (Flyball, 9D, EV 101.9 MPH)
|
|
Batting: RHB Jeffrey Young
|
0-0: Ground out U3 (Groundball, 3, EV 81.9 MPH)
|
| Bottom of the 5th over - 0 runs, 2 hits, 0 errors, 1 left on base; Decatur 1 - Wausau 3 |
| TOP OF THE 6TH |
|
Decatur Commodores batting - Pitching for Wausau Timbers : LHP Stanley Osterbur
|
|
Batting: LHB Jerry Miller
|
0-0: Ball 1-0: Ground out 4-3 (Groundball, 4, EV 98.8 MPH)
|
|
Batting: SHB Rondin Johnson
|
0-0: Ball 1-0: Fly out, F8 (Flyball, 78D, EV 93.8 MPH)
|
|
Batting: LHB David Showalter
|
0-0: Called Strike 0-1: Swinging Strike 0-2: Foul Ball, location: 2F 0-2: Ball 1-2: Ball 2-2: Ball 3-2: Foul Ball, location: 2F 3-2: Base on Balls
|
|
Batting: SHB Daniel Wieser
|
0-0: SINGLE (Groundball, 6MD, EV 95.0 MPH) David Showalter to second Runner from 2nd tries for 3rd, SAFE, throw by CF made to third Daniel Wieser to second
|
|
Batting: RHB Miguelito DeLaCruz
|
0-0: Called Strike 0-1: Foul Ball, location: 2F 0-2: Strikes out looking
|
| Top of the 6th over - 0 runs, 1 hit, 0 errors, 2 left on base; Decatur 1 - Wausau 3 |
| BOTTOM OF THE 6TH |
|
Wausau Timbers batting - Pitching for Decatur Commodores : LHP Carlos Montaneze
|
|
Batting: RHB Bruce Chaney
|
0-0: Ball 1-0: Called Strike 1-1: Foul Ball, location: 2F 1-2: Foul Ball, location: 2F 1-2: Foul Ball, location: 2F 1-2: SINGLE (Flyball, 3D, EV 91.9 MPH)
|
|
Pitching: RHP William Martin
|
|
|
Batting: SHB James Flores
|
0-0: Ball 1-0: Bunted foul 1-1: Bunt missed! 1-2: Ball 2-2: Ball 3-2: Foul Ball, location: 2F 3-2: Foul Ball, location: 2F 3-2: Foul Ball, location: 2F 3-2: Fielders Choice at 2nd, 6-4 (Groundball, 6M, EV 86.3 MPH)
|
|
Batting: SHB Herman Lewis
|
0-0: Ball 1-0: Ball 2-0: Ball 3-0: Called Strike 3-1: Base on Balls James Flores to second
|
|
Batting: LHB Rodney Nealeigh
|
0-0: Ball 1-0: Foul Ball, location: 2F 1-1: Ball 2-1: Grounds into double play, 4-6-3 (Groundball, 4, EV 88.8 MPH)
|
| Bottom of the 6th over - 0 runs, 1 hit, 0 errors, 1 left on base; Decatur 1 - Wausau 3 |
| TOP OF THE 7TH |
|
Decatur Commodores batting - Pitching for Wausau Timbers : LHP Stanley Osterbur
|
|
Batting: RHB William Kelley
|
0-0: Ball 1-0: Ball 2-0: Ball 3-0: Called Strike 3-1: Foul Ball, location: 2F 3-2: Fly out, F7 (Line Drive, 7, EV 85.0 MPH)
|
|
Batting: RHB Rafael Sanchez
|
0-0: Ground out 4-3 (Groundball, 34, EV 86.3 MPH)
|
|
Batting: RHB Donald Johnson
|
0-0: Foul Ball, location: 2F 0-1: Swinging Strike 0-2: Strikes out looking
|
| Top of the 7th over - 0 runs, 0 hits, 0 errors, 0 left on base; Decatur 1 - Wausau 3 |
| BOTTOM OF THE 7TH |
|
Wausau Timbers batting - Pitching for Decatur Commodores : RHP William Martin
|
|
Batting: RHB Rich Renteria
|
0-0: Ball 1-0: Ball 2-0: Swinging Strike 2-1: Called Strike 2-2: Foul Ball, location: 2F 2-2: Ball 3-2: Foul Ball, location: 2F 3-2: Base on Balls
|
|
Batting: LHB Tom M Foley
|
0-0: Ball 1-0: 2-RUN HOME RUN (Flyball, 9D, EV 105.0 MPH), Distance : 377 ft
|
|
Batting: RHB Douglas Davis
|
0-0: SOLO HOME RUN (Flyball, 9D, EV 102.5 MPH), Distance : 387 ft
|
|
Batting: LHB Ricky Seilheimer
|
0-0: Ball 1-0: SOLO HOME RUN (Flyball, 9LD, EV 100.0 MPH), Distance : 356 ft
|
|
Pitching: RHP Peyton Mosher
|
|
|
Batting: RHB Jeffrey Young
|
0-0: Foul Ball, location: 2F 0-1: Ball 1-1: Ball 2-1: Foul Ball, location: 2F 2-2: Foul Ball, location: 2F 2-2: SINGLE (Groundball, 4M, EV 107.5 MPH) (infield hit)
|
|
Batting: RHB Bruce Chaney
|
0-0: Called Strike Jeffrey Young steals 2nd base 0-1: Foul Ball, location: 2F 0-2: Ball 1-2: Ball 2-2: Ball 3-2: Base on Balls
|
|
Batting: SHB James Flores
|
0-0: SINGLE (Line Drive, 56, EV 105.0 MPH) Jeffrey Young to third Bruce Chaney to second
|
|
Batting: SHB Herman Lewis
|
0-0: Ball 1-0: Ball 2-0: Foul Ball, location: 2F 2-1: Called Strike 2-2: Foul Ball, location: 2F 2-2: Ball 3-2: Fly out, F7 (Flyball, 78M, EV 83.1 MPH) Runner from 3rd tags up, SCORES, throw by LF
|
|
Batting: LHB Rodney Nealeigh
|
0-0: Ball 1-0: Called Strike 1-1: Ball 2-1: Foul Ball, location: 2F 2-2: Fly out, F7 (Flyball, 78S, EV 88.8 MPH)
|
|
Pinch Hitting: RHB John Nicolo
|
0-0: Ball 1-0: Foul Ball, location: 2F 1-1: Foul Ball, location: 2F 1-2: Foul Ball, location: 2F 1-2: SINGLE (Groundball, 34D, EV 106.9 MPH) Bruce Chaney to third James Flores to second Runner from 3rd tries for Home, SAFE, throw by RF to home
|
|
Batting: LHB Tom M Foley
|
0-0: Called Strike 0-1: Ball 1-1: Ground out 3-1 (Groundball, 34, EV 89.4 MPH)
|
| Bottom of the 7th over - 6 runs, 6 hits, 0 errors, 2 left on base; Decatur 1 - Wausau 9 |
| TOP OF THE 8TH |
|
Decatur Commodores batting - Pitching for Wausau Timbers : LHP Stanley Osterbur
|
|
Now at 2B: John Nicolo
|
|
|
Pinch Hitting: LHB Steven Jerman
|
0-0: Ground out 4-3 (Groundball, 4, EV 85.6 MPH)
|
|
Batting: LHB Jerry Miller
|
0-0: Called Strike 0-1: Ball 1-1: Ball 2-1: Foul Ball, location: 2F 2-2: Foul Ball, location: 2F 2-2: DOUBLE (Line Drive, 7LM, EV 111.9 MPH)
|
|
Batting: SHB Rondin Johnson
|
0-0: Ground out 5-3 (Groundball, 56, EV 81.3 MPH)
|
|
Batting: LHB David Showalter
|
0-0: Foul Ball, location: 2F 0-1: Foul Ball, location: 2F 0-2: Ball 1-2: Ball 2-2: Foul Ball, location: 2F 2-2: Foul Ball, location: 2F 2-2: Ball 3-2: Fly out, F7 (Flyball, 7LS, EV 89.4 MPH)
|
| Top of the 8th over - 0 runs, 1 hit, 0 errors, 1 left on base; Decatur 1 - Wausau 9 |
| BOTTOM OF THE 8TH |
|
Wausau Timbers batting - Pitching for Decatur Commodores : RHP Peyton Mosher
|
|
Now at 2B: Steven Jerman
|
|
|
Pinch Hitting: RHB Kevin McDaniel
|
0-0: Ball 1-0: Ball 2-0: Foul Ball, location: 2F 2-1: Foul Ball, location: 2F 2-2: Fly out, F4 (Popup, 4M, EV 65.0 MPH)
|
|
Batting: LHB Ricky Seilheimer
|
0-0: Ball 1-0: Ball 2-0: Foul Ball, location: 2F 2-1: Foul Ball, location: 2F 2-2: Foul Ball, location: 2F 2-2: Fly out, F6 (Flyball, 56D, EV 81.9 MPH)
|
|
Batting: RHB Jeffrey Young
|
0-0: Foul Ball, location: 2F 0-1: Ball 1-1: Foul Ball, location: 2F 1-2: Foul Ball, location: 2F 1-2: Ground out 1-3 (Groundball, 34S, EV 70.0 MPH)
|
| Bottom of the 8th over - 0 runs, 0 hits, 0 errors, 0 left on base; Decatur 1 - Wausau 9 |
| TOP OF THE 9TH |
|
Decatur Commodores batting - Pitching for Wausau Timbers : LHP Stanley Osterbur
|
|
Now at 1B: John Pignotti
|
|
|
Batting: SHB Daniel Wieser
|
0-0: Ground out 5-3 (Groundball, 56, EV 84.4 MPH)
|
|
Pitching: RHP Daniel Pierce
|
|
|
Batting: RHB Miguelito DeLaCruz
|
0-0: Ball 1-0: Called Strike 1-1: Ball 2-1: Ground out 6-3 (Groundball, 6, EV 84.4 MPH)
|
|
Batting: RHB William Kelley
|
0-0: Called Strike 0-1: Ground out 6-3 (Groundball, 6D, EV 86.3 MPH)
|
| Top of the 9th over - 0 runs, 0 hits, 0 errors, 0 left on base; Decatur 1 - Wausau 9 |
|